 Seeded DCSS version 0.26.1-2-gb8aa6d0cf2 (webtiles) character file.

Game seed: 8078268941210332152 (custom seed)

798 Belltower the Chopper (level 8, 62/62 HPs)
             Began as a Formicid Fighter on Mar 14, 2021.
             Quit the game on level 6 of the Dungeon.
             The game lasted 00:15:16 (5146 turns).

Belltower the Chopper (Formicid Fighter)            Turns: 5146, Time: 00:15:17

Health: 62/62      AC: 11    Str: 23    XL:     8   Next: 13%
Magic:  8/8        EV:  9    Int:  8    God:
Gold:   188        SH: 10    Dex: 13    Spells: 7/7 levels left

rFire    + . .     SeeInvis +   b - +8 longbow "Zephyr" {speed, Dex+3 SInv}
rCold    . . .     Faith    .   c - +0 kite shield
rNeg     . . .     Spirit   .   y - +2 scale mail {rF+}
rPois    .         Reflect  .   (helmet unavailable)
rElec    .         Harm     .   A - +0 cloak
rCorr    .         Rampage  .   F - +0 pair of gloves
Will     .....                  (no boots)
Stlth    ..........             (no amulet)
HPRegen  0.20/turn              p - ring of see invisible
MPRegen  0.11/turn              (no ring)

@: no status effects
A: permanent stasis, dig shafts and tunnels, four strong arms, antennae 3
a: Dig, Shaft Self


You were on level 6 of the Dungeon.
You visited 1 branch of the dungeon, and saw 6 of its levels.

You collected 212 gold pieces.
You spent 24 gold pieces at shops.

Inventory:

Hand Weapons
 a - a +0 war axe
 b - the +8 longbow "Zephyr" (weapon) {speed, Dex+3 SInv}
   (You found it on level 4 of the Dungeon)

   Attacks with this weapon are significantly faster.
   It affects your dexterity (+3).
   It lets you see invisible.
Missiles
 g - 124 stones
 s - 8 poisoned darts
 x - 50 arrows (quivered ammo)
Armour
 c - a +0 kite shield (worn)
 y - a +2 scale mail of fire resistance (worn)
 A - a +0 cloak (worn)
 F - a +0 pair of gloves (worn)
Jewellery
 p - a ring of see invisible (left hand)
 C - an uncursed ring of resist corrosion {unknown}
Wands
 v - a wand of iceblast (5)
 z - a wand of enslavement (7)
Scrolls
 e - 2 scrolls of fear {unknown}
 f - 2 scrolls of teleportation {unknown}
 h - 3 scrolls of identify
 i - 4 scrolls of magic mapping
 j - 2 scrolls of immolation {unknown}
 k - 2 scrolls of enchant armour {unknown}
 l - 3 scrolls of remove curse {unknown}
 q - a scroll of enchant weapon {unknown}
 t - a scroll of amnesia {unknown}
 u - a scroll of blinking {unknown}
 D - a scroll of fog {unknown}
Potions
 d - a potion of might
 m - 4 potions of curing
 n - 2 potions of haste
 o - a potion of brilliance {unknown}
 r - 5 potions of heal wounds
 w - a potion of attraction {unknown}
 B - a potion of flight {unknown}
 E - a potion of berserk rage {unknown}


   Skills:
 - Level 5.1 Fighting
 + Level 5.7 Axes
 + Level 1.0 Bows
 - Level 5.1 Armour
 - Level 0.4 Dodging
 - Level 0.3 Stealth
 - Level 5.6 Shields


You had 7 spell levels left.
You didn't know any spells.
Your spell library contained the following spells:

 Spells                   Type           Power        Failure   Level
 Magic Dart               Conj           0%           91%         1
 Searing Ray              Conj           0%           97%         2
 Dazzling Flash           Conj/Hex       0%           100%        3
 Fulminant Prism          Conj/Hex       0%           100%        4
 Iskenderun's Mystic Bla  Conj/Tloc      0%           100%        4


Dungeon Overview and Level Annotations

Branches:
Dungeon (6/15)             Temple (0/1) D:5

Altars:
Cheibriados
Sif Muna
Trog
Vehumet
The Shining One

Shops:
D:5 ?(


Innate Abilities, Weirdness & Mutations

You cannot be hasted, slowed, berserked, paralysed or teleported.
You can dig through walls and to a lower floor.
Your four strong arms can wield two-handed weapons with a shield.
You have a pair of large antennae on your head. (SInv)


Message History

You see here a pair of gloves.
F - a pair of gloves You start putting on your armour.
You continue putting on your pair of gloves. x4
You finish putting on your +0 pair of gloves.
Found a stone staircase leading down.
As you read the scroll of identify, it crumbles to dust.
i - 4 scrolls of magic mapping
As you read the scroll of identify, it crumbles to dust.
r - 5 potions of heal wounds
As you read the scroll of identify, it crumbles to dust.
m - 4 potions of curing
As you read the scroll of identify, it crumbles to dust.
n - 2 potions of haste
Okay, then.
Saving game... please wait.
Welcome back, Belltower the Formicid Fighter.
Game seed: 8078268941210332152 (custom seed) Press ? for a list of commands and other information.
Are you sure you want to abandon this character and quit the game? (Confirm with "yes".)

....................
#....................
#....................
#....................
#........)...........
+....................
#....................
####....................
..$....@................
........................
........................
........................
........................
>.......................
........................
####....................
#....................


There were no monsters in sight!

Vanquished Creatures
  A phantom (D:6)
  A bullfrog (D:6)
  A gnoll sergeant (D:6)
  3 wights (D:5)
  A howler monkey (D:5)
  A crimson imp (D:4)
  A centaur zombie (D:6)
  2 hounds (D:6)
  Terence (D:3)
  A worker ant (D:4)
  A worker ant zombie (D:3)
  8 adders
  3 gnolls
  A shadow imp (D:6)
  2 oozes (D:2)
  An adder skeleton (D:4)
  2 worms
  A dart slug (D:1)
  4 leopard geckos
  7 orcs
  A ball python (D:1)
  10 bats
  5 giant cockroaches
  9 goblins
  10 hobgoblins
  4 jackals (D:4)
  12 kobolds
  2 quokkas
  5 frilled lizards
  3 hobgoblin zombies (D:4)
  A kobold skeleton (D:4)
  2 kobold zombies (D:4)
  An orc skeleton (D:4)
  An orc zombie (D:4)
  10 rats
119 creatures vanquished.

Notes
Turn   | Place    | Note
-------+----------+-------------------------------------------
     0 | D:1      | Belltower the Formicid Fighter began the quest for the Orb.
     0 | D:1      | Reached XP level 1. HP: 18/18 MP: 1/1
    99 | D:1      | Reached XP level 2. HP: 22/24 MP: 2/2
   442 | D:1      | Reached XP level 3. HP: 29/29 MP: 3/3
   973 | D:2      | Reached XP level 4. HP: 33/37 MP: 4/4
  1044 | D:2      | Found a snail-covered altar of Cheibriados.
  1528 | D:2      | Found a radiant altar of Vehumet.
  1538 | D:2      | Reached XP level 5. HP: 42/42 MP: 5/5
  1834 | D:3      | Noticed Terence
  1853 | D:3      | Killed Terence
  2541 | D:4      | Reached XP level 6. HP: 47/48 MP: 6/6
  2570 | D:4      | Found a glowing golden altar of the Shining One.
  2626 | D:4      | Reached skill level 5 in Shields
  3131 | D:4      | Found the +8 longbow "Zephyr" {speed, Dex+3 SInv}
  3177 | D:4      | Found a shimmering blue altar of Sif Muna.
  3211 | D:4      | You fall into a shaft and drop 1 floor!
  3211 | D:5      | Entered Level 5 of the Dungeon
  3219 | D:5      | Found Buolahown's Antique Weapon Boutique.
  3375 | D:5      | Found Loqolysm's Magic Scroll Emporium.
  3384 | D:5      | Bought a scroll of identify for 24 gold pieces
  3424 | D:5      | Reached XP level 7. HP: 40/55 MP: 7/7
  3433 | D:5      | Reached skill level 5 in Armour
  3437 | D:5      | Reached skill level 5 in Fighting
  3816 | D:5      | Found a staircase to the Ecumenical Temple.
  3979 | D:5      | Found a bloodstained altar of Trog.
  4649 | D:6      | Reached skill level 5 in Axes
  4782 | D:6      | Reached XP level 8. HP: 62/62 MP: 8/8
  4999 | D:6      | Reached skill level 1 in Bows
  5146 | D:6      | Quit the game

Illustrated notes

Levels and vault maps discovered:
D:1:      dpeg_arrival_rooms_c, layout_basic
D:2:      layout_rooms, old_standard_altar, vehumet_crystals
D:3:      layout_loops_ring, uniq_terence
D:4:      layout_loops_cross, kennysheep_little_box, lemuel_crystal_altar,
          nicolae_tso_besieged_by_evil
D:5:      layout_basic, overflow_temple_1_default, minmay_temple_entry_mist,
          serial_shops, nicolae_shop_statue_plus, shop
D:6:      layout_gridville, nicolae_lava_and_water

Skill      XL: |  1  2  3  4  5  6  7  8 |
---------------+-------------------------+-----
Shields        | 4 5 |  5.6
Armour         | 4 5 |  5.1
Fighting       | 4 5 |  5.1
Axes           | 3 5 |  5.7
Bows           | 1 |  1.0
Dodging        | |  0.4
Stealth        | |  0.3

Action                   |  1- 3 |  4- 6 |  7- 9 || total
-------------------------+-------+-------+-------++-------
Melee: War axe           |    82 |   209 |    67 ||   358
 Fire: Longbow           |       |     4 |    21 ||    25
Throw: Stone             |       |    31 |    63 ||    94
 Abil: Dig               |     3 |       |       ||     3
  Use: Scroll            |       |       |     4 ||     4
 Stab: Distracted        |       |     1 |       ||     1
Armor: Scale mail        |    26 |    74 |    25 ||   125
       Chain mail        |       |    13 |       ||    13
Dodge: Dodged            |    30 |    75 |    26 ||   131
Block: Kite shield       |    37 |   110 |    29 ||   176
